Workbook
Name \a: #N/A
Name \c: #N/A
Name \d: #N/A
Name \p: '[1]total employ'!#REF!
Name \p: '[1]total employ'!#REF!
Name _____Top20: [2]AveIncs!$A$3:$AZ$53
Name ____Top20: [2]AveIncs!$A$3:$AZ$53
Name ___Top20: [2]AveIncs!$A$3:$AZ$53
Name __SAT1: '[4]school-age pop70-96'!$FR$7904
Name __Top20: [2]AveIncs!$A$3:$AZ$53
Name _1INT_DEBT: '[5]12. Table 3-7'!#REF!
Name _4WORD_M_001_07: #N/A
Name _4WORD_O_005_L_: #N/A
Name _SAT1: '[6]school-age pop70-96'!$FR$7904
Name _Top20: [7]AveIncs!$A$3:$AZ$53
Name A: #REF!
Name A: #REF!
Name AA: #REF!
Name AA: #REF!
Name AL_MS: '[8]Tab01-02Spreadsheet (AL-MS)'!$A$1:$EA$193
Name Alabama: '[9]composition data - 2005'!$A$10:$A$60
Name AllCon: [10]ALPHA!$AB$1:$AC$50
Name AllTax: [11]TotalTax!$G$2:$BD$52
Name as: [12]AveIncs!$A$55:$I$105
Name asd: #REF!
Name asd: #REF!
Name asdd: [12]CapInc!$A$3:$J$53
Name AveIncomes: [13]AveIncs!$A$55:$I$105
Name B: #REF!
Name B: #REF!
Name BACKUP: #REF!
Name BACKUP: #REF!
Name BASELINE: #REF!
Name BASELINE: #REF!
Name Beer: '[14]97Beer1'!$A$1:$M$764
Name CapitalInc: [13]CapInc!$A$3:$J$53
Name CDROM: #REF!
Name CDROM: #REF!
Name changerange: [15]Link!$B$4:$AQ$54
Name changes: [15]Results!$A$1:$I$409
Name Cigs: '[14]97Cigs1'!$A$1:$M$779
Name CIT: [13]CITetc!$A$2:$B$52
Name citlook: #REF!
Name citlook: #REF!
Name Consumption: [13]Consump!$A$3:$J$53
Name Dies: '[14]97Dies'!$A$1:$M$779
Name DOLLARS: #REF!
Name DOLLARS: #REF!
Name everything: [16]SIM97!$A$1:$I$7114
Name FedOff: [13]FedOffset!$A$3:$I$53
Name footnotes: #REF!
Name footnotes: #REF!
Name FORLAN_DW: #N/A
Name fromyear: [17]Data!$B$24
Name Gas: '[14]97Gas'!$A$1:$M$779
Name GenSalesInd: [13]GStaxInd!$A$3:$K$53
Name GROWTH: #REF!
Name GROWTH: #REF!
Name GRWTH: #REF!
Name GRWTH: #REF!

Sheet Tax Changes
B2: Impacts of Cash Payments ($1,400 per spouse and $1,400 per dependent plus $2,000 for older dependents) in 2020 in the United States
B3: Income | C3: Income Range | F3: Average | G3: Tax Change | H3: Average | I3: Tax Change as | J3: Share of | K3: Share with | L3: Share with | M3: Adults Helped | O3: Children Helped
B4: Group | F4: Income | G4: 1000's | H4: Tax Change | I4: % of in 2020 income | J4: Tax Change | K4: Tax Cuts | L4: Tax Hikes | M4: Number | N4: % of Total | O4: Number | P4: % of Total
B5: Poorest 20% | C5: Less than | E5: 21300 | F5: 10900 | G5: -72129000 | H5: -2270 | I5: -0.20607088 | J5: 0.16630812 | K5: 0.99999849 | L5: 0 | M5: 36346700 | N5: 0.99999867 | O5: 13928200 | P5: 1
B6: Second 20% | C6: 21300 | D6: to | E6: 39800 | F6: 30500 | G6: -81600300 | H6: -2560 | I6: -0.083499196 | J6: 0.18814621 | K6: 0.99999892 | L6: 0 | M6: 39788900 | N6: 0.99999914 | O6: 16490700 | P6: 1
B7: Middle 20% | C7: 39800 | D7: to | E7: 65000 | F7: 51500 | G7: -89054100 | H7: -2800 | I7: -0.053950064 | J7: 0.20533256 | K7: 1 | L7: 0 | M7: 44401900 | N7: 1 | O7: 16928400 | P7: 1
B8: Fourth 20% | C8: 65000 | D8: to | E8: 111300 | F8: 85000 | G8: -101584100 | H8: -3190 | I8: -0.037168439 | J8: 0.23422294 | K8: 0.9999864 | L8: 0 | M8: 51890600 | N8: 0.99999165 | O8: 19413100 | P8: 1
B9: Next 15% | C9: 111300 | D9: to | E9: 247400 | F9: 156900 | G9: -81308500 | H9: -3400 | I9: -0.021329326 | J9: 0.18747348 | K9: 0.88133202 | L9: 0 | M9: 40880100 | N9: 0.93256035 | O9: 18788400 | P9: 0.99477569
B10: Next 4% | C10: 247400 | D10: to | E10: 601700 | F10: 358800 | G10: -5892700 | H10: -930 | I10: -0.0025142456 | J10: 0.013586869 | K10: 0.3246166 | L10: 0 | M10: 4218700 | N10: 0.35194843 | O10: 3104700 | P10: 0.5419662
B11: Richest 1% | C11: 601700 | D11: or more | F11: 1815800 | G11: -156000 | H11: -100 | I11: -5.014675e-05 | J11: 0.00035965578 | K11: 0.027086569 | L11: 0 | M11: 86800 | N11: 0.029135823 | O11: 73900 | P11: 0.043256191
B12: ALL | F12: 90900 | G12: -433706800 | H12: -2710 | I12: -0.029044817 | J12: 1 | K12: 0.94570625 | L12: 0 | M12: 218651000 | N12: 0.94137418 | O12: 89080100 | P12: 0.95336149
B13: Bottom 60% | C13: Less than | E13: 65000 | F13: 31000 | G13: -242783400 | H13: -2540 | I13: -0.081526865 | J13: 0.55978688 | K13: 0.99999914 | L13: 0 | M13: 120537500 | N13: 0.99999932 | O13: 47347300 | P13: 1
B15: Cash payment of $1,400 per filer/spouse and $1,400 for each dependent (any dependent) and provides $2,000 to dependents age 17 and older
B16: Phases out at a rate of 5% of AGI over $75,000/$112,500/$150,000.
B21: Impacts of Child Tax Credit Expansion: Makes Credit Fully Refundable (no dollar cap or earnings limit) and Increases Max Credit to $3,000/$3,600 in 2020 in the United States
B22: Income | C22: Income Range | F22: Average | G22: Tax Change | H22: Average | I22: Tax Change as | J22: Share of | K22: Share with | L22: Share with | M22: Adults Helped | O22: Children Helped
B23: Group | F23: Income | G23: 1000's | H23: Tax Change | I23: % of Income | J23: Tax Change | K23: Tax Cuts | L23: Tax Hikes | M23: Number | N23: % of Total | O23: Number | P23: % of Total
B24: Poorest 20% | C24: Less than | E24: 21300 | F24: 10900 | G24: -33752000 | H24: -1060 | I24: -0.096766779 | J24: 0.26914798 | K24: 0.23083793 | L24: 0 | M24: 9084500 | N24: 0.24871567 | O24: 13240500 | P24: 0.93124953
B25: Second 20% | C25: 21300 | D25: to | E25: 39800 | F25: 30500 | G25: -26336600 | H25: -820 | I25: -0.027022374 | J25: 0.21001511 | K25: 0.26368944 | L25: 0 | M25: 11629300 | N25: 0.29133137 | O25: 15270900 | P25: 0.91701711
B26: Middle 20% | C26: 39800 | D26: to | E26: 65000 | F26: 51500 | G26: -21091300 | H26: -660 | I26: -0.012801211 | J26: 0.16818775 | K26: 0.26113932 | L26: 0 | M26: 13372900 | N26: 0.29954171 | O26: 15539600 | P26: 0.90047336
B27: Fourth 20% | C27: 65000 | D27: to | E27: 111300 | F27: 85000 | G27: -20026200 | H27: -630 | I27: -0.0073604686 | J27: 0.15969475 | K27: 0.29047127 | L27: 0 | M27: 16951200 | N27: 0.32477874 | O27: 17082300 | P27: 0.88298188
B28: Next 15% | C28: 111300 | D28: to | E28: 247400 | F28: 156900 | G28: -17974700 | H28: -750 | I28: -0.0047741329 | J28: 0.14333547 | K28: 0.35893191 | L28: 0 | M28: 16893200 | N28: 0.38369988 | O28: 16233500 | P28: 0.87074136
B29: Next 4% | C29: 247400 | D29: to | E29: 601700 | F29: 358800 | G29: -5114500 | H29: -800 | I29: -0.0022286825 | J29: 0.040784728 | K29: 0.36245457 | L29: 0 | M29: 4677800 | N29: 0.38879205 | O29: 4746900 | P29: 0.83167342
B30: Richest 1% | C30: 601700 | D30: or more | F30: 1815800 | G30: -296800 | H30: -190 | I30: -0.00010217816 | J30: 0.0023666046 | K30: 0.082103003 | L30: 0 | M30: 268000 | N30: 0.089345144 | O30: 295600 | P30: 0.17074635
B31: ALL | F31: 90900 | G31: -125403300 | H31: -780 | I31: -0.0085830175 | J31: 1 | K31: 0.2780011 | L31: 0 | M31: 73137500 | N31: 0.3133937 | O31: 82713400 | P31: 0.88085587
B32: Bottom 60% | C32: Less than | E32: 65000 | F32: 31000 | G32: -81179900 | H32: -850 | I32: -0.027323915 | J32: 0.64735083 | K32: 0.25188809 | L32: 0 | M32: 34086700 | N32: 0.28150367 | O32: 44051000 | P32: 0.91528957
B37: Impact of EITC Expansion in 2020 in the United States (Maximum EITC for Childless Workers Roughly Tripled, Unearned Income Limit Eliminated)
B38: Income | C38: Income Range | F38: Average | G38: Tax Change | H38: Average | I38: Tax Change as | J38: Share of | K38: Share with | L38: Share with | M38: Adults Helped | O38: Children Helped
B39: Group | F39: Income | G39: 1000's | H39: Tax Change | I39: % of Income | J39: Tax Change | K39: Tax Cuts | L39: Tax Hikes | M39: Number | N39: % of Total | O39: Number | P39: % of Total
B40: Poorest 20% | C40: Less than | E40: 21300 | F40: 10900 | G40: -10276800 | H40: -320 | I40: -0.029463441 | J40: 0.79441887 | K40: 0.43682596 | L40: 0.00024826947 | M40: 15124500 | N40: 0.41407814 | O40: 111100 | P40: 0.0078140822
B41: Second 20% | C41: 21300 | D41: to | E41: 39800 | F41: 30500 | G41: -1644900 | H41: -50 | I41: -0.0016877164 | J41: 0.12715333 | K41: 0.075930213 | L41: 3.5806003e-05 | M41: 3155200 | N41: 0.079041702 | O41: 50200 | P41: 0.0030160551
B42: Middle 20% | C42: 39800 | D42: to | E42: 65000 | F42: 51500 | G42: -710100 | H42: -20 | I42: -0.000430987 | J42: 0.054891957 | K42: 0.032054924 | L42: 0.00018618491 | M42: 1595100 | N42: 0.035729097 | O42: 146100 | P42: 0.0084671421
B43: Fourth 20% | C43: 65000 | D43: to | E43: 111300 | F43: 85000 | G43: -196900 | H43: -10 | I43: -7.237489e-05 | J43: 0.015222092 | K43: 0.006258826 | L43: 1.9569181e-06 | M43: 364400 | N43: 0.0069813569 | O43: 86500 | P43: 0.0044688753
B44: Next 15% | C44: 111300 | D44: to | E44: 247400 | F44: 156900 | G44: -38600 | H44: 0 | I44: -1.0257108e-05 | J44: 0.0029852818 | K44: 0.0015826288 | L44: 0 | M44: 69000 | N44: 0.0015674589 | O44: 15700 | P44: 0.00084173651
B45: Next 4% | C45: 247400 | D45: to | E45: 601700 | F45: 358800 | G45: -2300 | H45: 0 | I45: -1.0070894e-06 | J45: 0.00017865643 | K45: 0.00021910364 | L45: 0 | M45: 2800 | N45: 0.00023132212 | O45: 1600 | P45: 0.00028470139
B46: Richest 1% | C46: 601700 | D46: or more | F46: 1815800 | G46: -1000 | H46: 0 | I46: -3.3017838e-07 | J46: 7.4134012e-05 | K46: 0.00023072612 | L46: 0 | M46: 700 | N46: 0.00023699675 | O46: 400 | P46: 0.00023691106
B47: ALL | F47: 90900 | G47: -12936200 | H47: -80 | I47: -0.00088539844 | J47: 1 | K47: 0.11047045 | L47: 9.4001524e-05 | M47: 20423900 | N47: 0.087516294 | O47: 435900 | P47: 0.0046420879
B48: Bottom 60% | C48: Less than | E48: 65000 | F48: 31000 | G48: -12631800 | H48: -130 | I48: -0.0042516575 | J48: 0.97646416 | K48: 0.18161416 | L48: 0.00015675563 | M48: 19874700 | N48: 0.16413464 | O48: 307400 | P48: 0.0063880786

Sheet Combined Effect of Tax Changes
B2: FIGURE 1
B3: Impacts of Three Tax Changes in American Rescue Plan in 2020
B4: Income | C4: Income Range | F4: Average | G4: Average Change as % of Income
B5: Group | F5: Income | G5: Cash Payments | H5: CTC Expansion | I5: EITC Expansion | J5: Combined
B6: Poorest 20% | C6: Less than | E6: 21300 | F6: 10900 | G6: ='Tax Changes'!I5 -> -0.20607088 | H6: ='Tax Changes'!I24 -> -0.096766779 | I6: ='Tax Changes'!I40 -> -0.029463441 | J6: =SUM(G6:I6) -> -0.3323011
B7: Second 20% | C7: 21300 | D7: to | E7: 39800 | F7: 30500 | G7: ='Tax Changes'!I6 -> -0.083499196 | H7: ='Tax Changes'!I25 -> -0.027022374 | I7: ='Tax Changes'!I41 -> -0.0016877164 | J7: =SUM(G7:I7) -> -0.11220929
B8: Middle 20% | C8: 39800 | D8: to | E8: 65000 | F8: 51500 | G8: ='Tax Changes'!I7 -> -0.053950064 | H8: ='Tax Changes'!I26 -> -0.012801211 | I8: ='Tax Changes'!I42 -> -0.000430987 | J8: =SUM(G8:I8) -> -0.067182262
B9: Fourth 20% | C9: 65000 | D9: to | E9: 111300 | F9: 85000 | G9: ='Tax Changes'!I8 -> -0.037168439 | H9: ='Tax Changes'!I27 -> -0.0073604686 | I9: ='Tax Changes'!I43 -> -7.237489e-05 | J9: =SUM(G9:I9) -> -0.044601282
B10: Next 15% | C10: 111300 | D10: to | E10: 247400 | F10: 156900 | G10: ='Tax Changes'!I9 -> -0.021329326 | H10: ='Tax Changes'!I28 -> -0.0047741329 | I10: ='Tax Changes'!I44 -> -1.0257108e-05 | J10: =SUM(G10:I10) -> -0.026113716
B11: Next 4% | C11: 247400 | D11: to | E11: 601700 | F11: 358800 | G11: ='Tax Changes'!I10 -> -0.0025142456 | H11: ='Tax Changes'!I29 -> -0.0022286825 | I11: ='Tax Changes'!I45 -> -1.0070894e-06 | J11: =SUM(G11:I11) -> -0.0047439352
B12: Richest 1% | C12: 601700 | D12: or more | F12: 1815800 | G12: ='Tax Changes'!I11 -> -5.014675e-05 | H12: ='Tax Changes'!I30 -> -0.00010217816 | I12: ='Tax Changes'!I46 -> -3.3017838e-07 | J12: =SUM(G12:I12) -> -0.00015265509
B13: ALL | F13: 90900 | G13: ='Tax Changes'!I12 -> -0.029044817 | H13: ='Tax Changes'!I31 -> -0.0085830175 | I13: ='Tax Changes'!I47 -> -0.00088539844 | J13: =SUM(G13:I13) -> -0.038513233
B14: Bottom 60% | C14: Less than | E14: 65000 | F14: 31000 | G14: ='Tax Changes'!I13 -> -0.081526865 | H14: ='Tax Changes'!I32 -> -0.027323915 | I14: ='Tax Changes'!I48 -> -0.0042516575 | J14: =SUM(G14:I14) -> -0.11310244
B21: FIGURE 2
B22: Impacts of Three Tax Changes in American Rescue Plan in 2020
B23: Income | C23: Income Range | F23: Average | G23: Average Tax Change
B24: Group | F24: Income | G24: Cash Payments | H24: CTC Expansion | I24: EITC Expansion | J24: Combined
B25: Poorest 20% | C25: Less than | E25: 21300 | F25: 10900 | G25: ='Tax Changes'!H5 -> -2270 | H25: ='Tax Changes'!H24 -> -1060 | I25: ='Tax Changes'!H40 -> -320 | J25: =SUM(G25:I25) -> -3650
B26: Second 20% | C26: 21300 | D26: to | E26: 39800 | F26: 30500 | G26: ='Tax Changes'!H6 -> -2560 | H26: ='Tax Changes'!H25 -> -820 | I26: ='Tax Changes'!H41 -> -50 | J26: =SUM(G26:I26) -> -3430
B27: Middle 20% | C27: 39800 | D27: to | E27: 65000 | F27: 51500 | G27: ='Tax Changes'!H7 -> -2800 | H27: ='Tax Changes'!H26 -> -660 | I27: ='Tax Changes'!H42 -> -20 | J27: =SUM(G27:I27) -> -3480
B28: Fourth 20% | C28: 65000 | D28: to | E28: 111300 | F28: 85000 | G28: ='Tax Changes'!H8 -> -3190 | H28: ='Tax Changes'!H27 -> -630 | I28: ='Tax Changes'!H43 -> -10 | J28: =SUM(G28:I28) -> -3830
B29: Next 15% | C29: 111300 | D29: to | E29: 247400 | F29: 156900 | G29: ='Tax Changes'!H9 -> -3400 | H29: ='Tax Changes'!H28 -> -750 | I29: ='Tax Changes'!H44 -> 0 | J29: =SUM(G29:I29) -> -4150
B30: Next 4% | C30: 247400 | D30: to | E30: 601700 | F30: 358800 | G30: ='Tax Changes'!H10 -> -930 | H30: ='Tax Changes'!H29 -> -800 | I30: ='Tax Changes'!H45 -> 0 | J30: =SUM(G30:I30) -> -1730
B31: Richest 1% | C31: 601700 | D31: or more | F31: 1815800 | G31: ='Tax Changes'!H11 -> -100 | H31: ='Tax Changes'!H30 -> -190 | I31: ='Tax Changes'!H46 -> 0 | J31: =SUM(G31:I31) -> -290
B32: ALL | F32: 90900 | G32: ='Tax Changes'!H12 -> -2710 | H32: ='Tax Changes'!H31 -> -780 | I32: ='Tax Changes'!H47 -> -80 | J32: =SUM(G32:I32) -> -3570
B33: Bottom 60% | C33: Less than | E33: 65000 | F33: 31000 | G33: ='Tax Changes'!H13 -> -2540 | H33: ='Tax Changes'!H32 -> -850 | I33: ='Tax Changes'!H48 -> -130 | J33: =SUM(G33:I33) -> -3520

Sheet More Detail on Cash Payments
B2: Impacts of Payment in CASH Act ($1,400 per spouse and $1,400 per dependent plus $2,000 for older dependents) in 2020 in the United States
B3: Income | C3: Income Range | F3: Average | G3: Tax Change | H3: Average | I3: Tax Change as | J3: Share of | K3: Share with | L3: Share with | M3: Adults Helped | O3: Children Helped
B4: Group | F4: Income | G4: 1000's | H4: Tax Change | I4: % of Income | J4: Tax Change | K4: Tax Cuts | L4: Tax Hikes | M4: Number | N4: % of Total | O4: Number | P4: % of Total
B5: Poorest 20% | C5: Less than | E5: 21300 | F5: 10900 | G5: -72129000 | H5: -2270 | I5: -0.20607088 | J5: 0.16630812 | K5: 0.99999849 | L5: 0 | M5: 36346700 | N5: 0.99999867 | O5: 13928200 | P5: 1
B6: Second 20% | C6: 21300 | D6: to | E6: 39800 | F6: 30500 | G6: -81600300 | H6: -2560 | I6: -0.083499196 | J6: 0.18814621 | K6: 0.99999892 | L6: 0 | M6: 39788900 | N6: 0.99999914 | O6: 16490700 | P6: 1
B7: Middle 20% | C7: 39800 | D7: to | E7: 65000 | F7: 51500 | G7: -89054100 | H7: -2800 | I7: -0.053950064 | J7: 0.20533256 | K7: 1 | L7: 0 | M7: 44401900 | N7: 1 | O7: 16928400 | P7: 1
B8: Fourth 20% | C8: 65000 | D8: to | E8: 111300 | F8: 85000 | G8: -101584100 | H8: -3190 | I8: -0.037168439 | J8: 0.23422294 | K8: 0.9999864 | L8: 0 | M8: 51890600 | N8: 0.99999165 | O8: 19413100 | P8: 1
B9: Next 15% | C9: 111300 | D9: to | E9: 247400 | F9: 156900 | G9: -81308500 | H9: -3400 | I9: -0.021329326 | J9: 0.18747348 | K9: 0.88133202 | L9: 0 | M9: 40880100 | N9: 0.93256035 | O9: 18788400 | P9: 0.99477569
B10: Next 4% | C10: 247400 | D10: to | E10: 601700 | F10: 358800 | G10: -5892700 | H10: -930 | I10: -0.0025142456 | J10: 0.013586869 | K10: 0.3246166 | L10: 0 | M10: 4218700 | N10: 0.35194843 | O10: 3104700 | P10: 0.5419662
B11: Richest 1% | C11: 601700 | D11: or more | F11: 1815800 | G11: -156000 | H11: -100 | I11: -5.014675e-05 | J11: 0.00035965578 | K11: 0.027086569 | L11: 0 | M11: 86800 | N11: 0.029135823 | O11: 73900 | P11: 0.043256191
B12: ALL | F12: 90900 | G12: -433706800 | H12: -2710 | I12: -0.029044817 | J12: 1 | K12: 0.94570625 | L12: 0 | M12: 218651000 | N12: 0.94137418 | O12: 89080100 | P12: 0.95336149
B13: Bottom 60% | C13: Less than | E13: 65000 | F13: 31000 | G13: -242783400 | H13: -2540 | I13: -0.081526865 | J13: 0.55978688 | K13: 0.99999914 | L13: 0 | M13: 120537500 | N13: 0.99999932 | O13: 47347300 | P13: 1
B15: Cash payment of $1,400 per filer/spouse and $1,400 for each dependent (any dependent) and provides $2,000 to dependents age 17 and older
B16: Phases out at a rate of 5% of AGI over $75,000/$112,500/$150,000.
B17: This estimate does not include the the CASH Act provision expanding the CARES Act's $500 payment to include dependents who are not children.
B21: Impacts of Payment in CASH Act ($1,400 per spouse and $1,400 per dependent plus $2,000 for older dependents) in 2020 in Alabama
B22: Income | C22: Income Range | F22: Average | G22: Tax Change | H22: Average | I22: Tax Change as | J22: Share of | K22: Share with | L22: Share with | M22: Adults Helped | O22: Children Helped
B23: Group | F23: Income | G23: 1000's | H23: Tax Change | I23: % of Income | J23: Tax Change | K23: Tax Cuts | L23: Tax Hikes | M23: Number | N23: % of Total | O23: Number | P23: % of Total
B24: Poorest 20% | C24: Less than | E24: 20400 | F24: 12200 | G24: -1147800 | H24: -2490 | I24: -0.2009164 | J24: 0.17060347 | K24: 1 | L24: 0 | M24: 526800 | N24: 1 | O24: 268400 | P24: 1
B25: Second 20% | C25: 20400 | D25: to | E25: 35500 | F25: 27900 | G25: -1184000 | H25: -2560 | I25: -0.091679051 | J25: 0.17597509 | K25: 1 | L25: 0 | M25: 540200 | N25: 1 | O25: 276500 | P25: 1
B26: Middle 20% | C26: 35500 | D26: to | E26: 56700 | F26: 46400 | G26: -1197400 | H26: -2630 | I26: -0.05680003 | J26: 0.17796774 | K26: 1 | L26: 0 | M26: 607300 | N26: 1 | O26: 215200 | P26: 1
B27: Fourth 20% | C27: 56700 | D27: to | E27: 92900 | F27: 70900 | G27: -1634100 | H27: -3490 | I27: -0.049343781 | J27: 0.24287587 | K27: 1 | L27: 0 | M27: 824700 | N27: 1 | O27: 281900 | P27: 1
B28: Next 15% | C28: 92900 | D28: to | E28: 191100 | F28: 129300 | G28: -1213900 | H28: -3500 | I28: -0.026547253 | J28: 0.18042483 | K28: 0.92813361 | L28: 0 | M28: 597800 | N28: 0.95992581 | O28: 261300 | P28: 1
B29: Next 4% | C29: 191100 | D29: to | E29: 479100 | F29: 283100 | G29: -213300 | H29: -2320 | I29: -0.0081093419 | J29: 0.03170548 | K29: 0.69506744 | L29: 0 | M29: 136000 | N29: 0.72565232 | O29: 68500 | P29: 0.86640838
B30: Richest 1% | C30: 479100 | D30: or more | F30: 1143500 | G30: -2000 | H30: -90 | I30: -7.2173863e-05 | J30: 0.00029770764 | K30: 0.03781336 | L30: 0 | M30: 1500 | N30: 0.033991731 | O30: 1500 | P30: 0.065957614
B31: ALL | F31: 70800 | G31: -6728200 | H31: -2820 | I31: -0.039193695 | J31: 1 | K31: 0.96827882 | L31: 0 | M31: 3318900 | N31: 0.96510075 | O31: 1384600 | P31: 0.9778956
B35: Impacts of Payment in CASH Act ($1,400 per spouse and $1,400 per dependent plus $2,000 for older dependents) in 2020 in Alaska
B36: Income | C36: Income Range | F36: Average | G36: Tax Change | H36: Average | I36: Tax Change as | J36: Share of | K36: Share with | L36: Share with | M36: Adults Helped | O36: Children Helped
B37: Group | F37: Income | G37: 1000's | H37: Tax Change | I37: % of Income | J37: Tax Change | K37: Tax Cuts | L37: Tax Hikes | M37: Number | N37: % of Total | O37: Number | P37: % of Total
B38: Poorest 20% | C38: Less than | E38: 22200 | F38: 11200 | G38: -167600 | H38: -2340 | I38: -0.2072213 | J38: 0.1711415 | K38: 1 | L38: 0 | M38: 80000 | N38: 1 | O38: 37700 | P38: 1
B39: Second 20% | C39: 22200 | D39: to | E39: 43400 | F39: 32500 | G39: -188300 | H39: -2620 | I39: -0.080143567 | J39: 0.19231888 | K39: 1 | L39: 0 | M39: 90300 | N39: 1 | O39: 39900 | P39: 1
B40: Middle 20% | C40: 43400 | D40: to | E40: 69700 | F40: 55300 | G40: -181400 | H40: -2490 | I40: -0.045180393 | J40: 0.1852191 | K40: 1 | L40: 0 | M40: 93600 | N40: 1 | O40: 34800 | P40: 1
B41: Fourth 20% | C41: 69700 | D41: to | E41: 132200 | F41: 94000 | G41: -242600 | H41: -3360 | I41: -0.035612037 | J41: 0.24779202 | K41: 0.99408318 | L41: 0 | M41: 112300 | N41: 0.99621483 | O41: 61500 | P41: 1
B42: Next 15% | C42: 132200 | D42: to | E42: 245400 | F42: 168900 | G42: -170000 | H42: -3120 | I42: -0.018306264 | J42: 0.17357288 | K42: 0.86031507 | L42: 0 | M42: 90300 | N42: 0.92219326 | O42: 37100 | P42: 0.99067961
B43: Next 4% | C43: 245400 | D43: to | E43: 551900 | F43: 325700 | G43: -18000 | H43: -1250 | I43: -0.0037461499 | J43: 0.01839695 | K43: 0.37532569 | L43: 0 | M43: 10900 | N43: 0.40106879 | O43: 8900 | P43: 0.70243169
B44: Richest 1% | C44: 551900 | D44: or more | F44: 1229200 | G44: -300 | H44: -70 | I44: -5.7556581e-05 | J44: 0.00027237658 | K44: 0.022681763 | L44: 0 | M44: 200 | N44: 0.025799997 | O44: 100 | P44: 0.044257779
B45: ALL | F45: 88000 | G45: -979200 | H45: -2660 | I45: -0.030002198 | J45: 1 | K45: 0.94389001 | L45: 0 | M45: 484400 | N45: 0.94079936 | O45: 221100 | P45: 0.96833631
B49: Impacts of Payment in CASH Act ($1,400 per spouse and $1,400 per dependent plus $2,000 for older dependents) in 2020 in Arizona
B50: Income | C50: Income Range | F50: Average | G50: Tax Change | H50: Average | I50: Tax Change as | J50: Share of | K50: Share with | L50: Share with | M50: Adults Helped | O50: Children Helped
B51: Group | F51: Income | G51: 1000's | H51: Tax Change | I51: % of Income | J51: Tax Change | K51: Tax Cuts | L51: Tax Hikes | M51: Number | N51: % of Total | O51: Number | P51: % of Total
B52: Poorest 20% | C52: Less than | E52: 19900 | F52: 12200 | G52: -1469300 | H52: -2330 | I52: -0.18717842 | J52: 0.14972792 | K52: 1 | L52: 0 | M52: 729700 | N52: 1 | O52: 293900 | P52: 1
B53: Second 20% | C53: 19900 | D53: to | E53: 40300 | F53: 31200 | G53: -1734900 | H53: -2740 | I53: -0.086886924 | J53: 0.17679631 | K53: 1 | L53: 0 | M53: 786900 | N53: 1 | O53: 425300 | P53: 1
B54: Middle 20% | C54: 40300 | D54: to | E54: 65100 | F54: 50700 | G54: -2184500 | H54: -3440 | I54: -0.067615366 | J54: 0.22260975 | K54: 1 | L54: 0 | M54: 1030500 | N54: 1 | O54: 427200 | P54: 1
B55: Fourth 20% | C55: 65100 | D55: to | E55: 109100 | F55: 85100 | G55: -2067400 | H55: -3230 | I55: -0.037849426 | J55: 0.21067493 | K55: 1 | L55: 0 | M55: 1035000 | N55: 1 | O55: 422000 | P55: 1
B56: Next 15% | C56: 109100 | D56: to | E56: 223500 | F56: 148300 | G56: -1636100 | H56: -3440 | I56: -0.022765552 | J56: 0.16672281 | K56: 0.8961659 | L56: 0 | M56: 818500 | N56: 0.94300161 | O56: 373500 | P56: 1
B57: Next 4% | C57: 223500 | D57: to | E57: 499700 | F57: 316300 | G57: -150800 | H57: -1190 | I57: -0.0036203204 | J57: 0.015367488 | K57: 0.39103737 | L57: 0 | M57: 102400 | N57: 0.42198624 | O57: 76200 | P57: 0.67496209
B58: Richest 1% | C58: 499700 | D58: or more | F58: 1427300 | G58: -5800 | H58: -180 | I58: -0.00011916891 | J58: 0.00059335968 | K58: 0.052896289 | L58: 0 | M58: 3300 | N58: 0.05604596 | O58: 2400 | P58: 0.070607875
B59: ALL | F59: 80900 | G59: -9813200 | H59: -2950 | I59: -0.035564106 | J59: 1 | K59: 0.95276877 | L59: 0 | M59: 4728100 | N59: 0.95061655 | O59: 2188500 | P59: 0.9698063
B63: Impacts of Payment in CASH Act ($1,400 per spouse and $1,400 per dependent plus $2,000 for older dependents) in 2020 in Arkansas
B64: Income | C64: Income Range | F64: Average | G64: Tax Change | H64: Average | I64: Tax Change as | J64: Share of | K64: Share with | L64: Share with | M64: Adults Helped | O64: Children Helped
B65: Group | F65: Income | G65: 1000's | H65: Tax Change | I65: % of Income | J65: Tax Change | K65: Tax Cuts | L65: Tax Hikes | M65: Number | N65: % of Total | O65: Number | P65: % of Total
B66: Poorest 20% | C66: Less than | E66: 20200 | F66: 11200 | G66: -680400 | H66: -2440 | I66: -0.21625578 | J66: 0.16407596 | K66: 1 | L66: 0 | M66: 330000 | N66: 1 | O66: 141900 | P66: 1
B67: Second 20% | C67: 20200 | D67: to | E67: 35100 | F67: 28000 | G67: -754100 | H67: -2710 | I67: -0.095718202 | J67: 0.18185604 | K67: 1 | L67: 0 | M67: 353300 | N67: 1 | O67: 171600 | P67: 1
B68: Middle 20% | C68: 35100 | D68: to | E68: 53900 | F68: 42900 | G68: -813000 | H68: -2930 | I68: -0.068101499 | J68: 0.19605431 | K68: 1 | L68: 0 | M68: 392000 | N68: 1 | O68: 170100 | P68: 1
B69: Fourth 20% | C69: 53900 | D69: to | E69: 90800 | F69: 69700 | G69: -905500 | H69: -3250 | I69: -0.046347608 | J69: 0.21838117 | K69: 1 | L69: 0 | M69: 456300 | N69: 1 | O69: 167000 | P69: 1
B70: Next 15% | C70: 90800 | D70: to | E70: 195200 | F70: 123600 | G70: -782100 | H70: -3720 | I70: -0.029529685 | J70: 0.18862258 | K70: 0.9703416 | L70: 0 | M70: 393700 | N70: 0.98438865 | O70: 159900 | P70: 1
B71: Next 4% | C71: 195200 | D71: to | E71: 438200 | F71: 266700 | G71: -109600 | H71: -1970 | I71: -0.0071233863 | J71: 0.026431057 | K71: 0.70980767 | L71: 0 | M71: 77700 | N71: 0.73340718 | O71: 33000 | P71: 0.88478891
B72: Richest 1% | C72: 438200 | D72: or more | F72: 1318100 | G72: -400 | H72: -30 | I72: -1.779171e-05 | J72: 8.4851757e-05 | K72: 0.0062142448 | L72: 0 | M72: 200 | N72: 0.0078976957 | O72: 100 | P72: 0.0051870164
B73: ALL | F73: 71000 | G73: -4146600 | H73: -2900 | I73: -0.039888817 | J73: 1 | K73: 0.97462259 | L73: 0 | M73: 2050100 | N73: 0.97062915 | O73: 868200 | P73: 0.98106958
B77: Impacts of Payment in CASH Act ($1,400 per spouse and $1,400 per dependent plus $2,000 for older dependents) in 2020 in California
B78: Income | C78: Income Range | F78: Average | G78: Tax Change | H78: Average | I78: Tax Change as | J78: Share of | K78: Share with | L78: Share with | M78: Adults Helped | O78: Children Helped
B79: Group | F79: Income | G79: 1000's | H79: Tax Change | I79: % of Income | J79: Tax Change | K79: Tax Cuts | L79: Tax Hikes | M79: Number | N79: % of Total | O79: Number | P79: % of Total
B80: Poorest 20% | C80: Less than | E80: 26500 | F80: 15100 | G80: -8368600 | H80: -2370 | I80: -0.15701647 | J80: 0.16468499 | K80: 1 | L80: 0 | M80: 4384400 | N80: 1 | O80: 1359900 | P80: 1
B81: Second 20% | C81: 26500 | D81: to | E81: 46900 | F81: 36600 | G81: -10539400 | H81: -2980 | I81: -0.081539192 | J81: 0.20740523 | K81: 1 | L81: 0 | M81: 4947000 | N81: 1 | O81: 2212500 | P81: 1
B82: Middle 20% | C82: 46900 | D82: to | E82: 75900 | F82: 59900 | G82: -10887100 | H82: -3070 | I82: -0.051437214 | J82: 0.21424757 | K82: 1 | L82: 0 | M82: 5203600 | N82: 1 | O82: 2195300 | P82: 1
B83: Fourth 20% | C83: 75900 | D83: to | E83: 134100 | F83: 100200 | G83: -11393100 | H83: -3220 | I83: -0.03213989 | J83: 0.22420527 | K83: 0.96082939 | L83: 0 | M83: 5741200 | N83: 0.97645434 | O83: 2278100 | P83: 1
B84: Next 15% | C84: 134100 | D84: to | E84: 313700 | F84: 195000 | G84: -7534900 | H84: -2840 | I84: -0.014434482 | J84: 0.14827946 | K84: 0.75579401 | L84: 0 | M84: 3985700 | N84: 0.83047242 | O84: 2073400 | P84: 0.97744129
B85: Next 4% | C85: 313700 | D85: to | E85: 855900 | F85: 468200 | G85: -293600 | H85: -420 | I85: -0.00087232324 | J85: 0.0057777941 | K85: 0.13707132 | L85: 0 | M85: 199800 | N85: 0.15205203 | O85: 159200 | P85: 0.25036149
B86: Richest 1% | C86: 855900 | D86: or more | F86: 2612300 | G86: -4100 | H86: -20 | I86: -8.1915318e-06 | J86: 8.0136315e-05 | K86: 0.0097370612 | L86: 0 | M86: 2600 | N86: 0.0079688407 | O86: 1100 | P86: 0.0058377721
B87: ALL | F87: 111300 | G87: -50815600 | H87: -2760 | I87: -0.024225496 | J87: 1 | K87: 0.91479554 | L87: 0 | M87: 25373200 | N87: 0.91407189 | O87: 10631900 | P87: 0.93714631
B91: Impacts of Payment in CASH Act ($1,400 per spouse and $1,400 per dependent plus $2,000 for older dependents) in 2020 in Colorado
B92: Income | C92: Income Range | F92: Average | G92: Tax Change | H92: Average | I92: Tax Change as | J92: Share of | K92: Share with | L92: Share with | M92: Adults Helped | O92: Children Helped
B93: Group | F93: Income | G93: 1000's | H93: Tax Change | I93: % of Income | J93: Tax Change | K93: Tax Cuts | L93: Tax Hikes | M93: Number | N93: % of Total | O93: Number | P93: % of Total
B94: Poorest 20% | C94: Less than | E94: 24900 | F94: 14300 | G94: -1191100 | H94: -2150 | I94: -0.14702512 | J94: 0.16182554 | K94: 1 | L94: 0 | M94: 623600 | N94: 1 | O94: 213500 | P94: 1
B95: Second 20% | C95: 24900 | D95: to | E95: 46100 | F95: 35500 | G95: -1389900 | H95: -2510 | I95: -0.069538793 | J95: 0.18882757 | K95: 1 | L95: 0 | M95: 675300 | N95: 1 | O95: 282100 | P95: 1
B96: Middle 20% | C96: 46100 | D96: to | E96: 73800 | F96: 59800 | G96: -1509300 | H96: -2720 | I96: -0.044944818 | J96: 0.20505818 | K96: 1 | L96: 0 | M96: 772600 | N96: 1 | O96: 294200 | P96: 1
B97: Fourth 20% | C97: 73800 | D97: to | E97: 129200 | F97: 96800 | G97: -1800700 | H97: -3250 | I97: -0.033127845 | J97: 0.24464266 | K97: 0.98158413 | L97: 0 | M97: 893600 | N97: 0.98870184 | O97: 385500 | P97: 1
B98: Next 15% | C98: 129200 | D98: to | E98: 287100 | F98: 179700 | G98: -1330800 | H98: -3210 | I98: -0.017556145 | J98: 0.18080872 | K98: 0.84877161 | L98: 0 | M98: 689900 | N98: 0.90028194 | O98: 331100 | P98: 0.97608813
B99: Next 4% | C99: 287100 | D99: to | E99: 683300 | F99: 409900 | G99: -59900 | H99: -540 | I99: -0.0012738158 | J99: 0.0081423809 | K99: 0.1947951 | L99: 0 | M99: 41800 | N99: 0.20493456 | O99: 42000 | P99: 0.39774805
B100: Richest 1% | C100: 683300 | D100: or more | F100: 1735300 | G100: -600 | H100: -20 | I100: -1.2341441e-05 | J100: 8.8044765e-05 | K100: 0.0047550811 | L100: 0 | M100: 300 | N100: 0.0050603882 | O100: 200 | P100: 0.006986092
B101: ALL | F101: 100300 | G101: -7360500 | H101: -2620 | I101: -0.025419445 | J101: 1 | K101: 0.93227785 | L101: 0 | M101: 3740600 | N101: 0.9255564 | O101: 1560600 | P101: 0.9392377
B105: Impacts of Payment in CASH Act ($1,400 per spouse and $1,400 per dependent plus $2,000 for older dependents) in 2020 in Connecticut
B106: Income | C106: Income Range | F106: Average | G106: Tax Change | H106: Average | I106: Tax Change as | J106: Share of | K106: Share with | L106: Share with | M106: Adults Helped | O106: Children Helped
B107: Group | F107: Income | G107: 1000's | H107: Tax Change | I107: % of Income | J107: Tax Change | K107: Tax Cuts | L107: Tax Hikes | M107: Number | N107: % of Total | O107: Number | P107: % of Total
B108: Poorest 20% | C108: Less than | E108: 23200 | F108: 12100 | G108: -780100 | H108: -2160 | I108: -0.1762964 | J108: 0.17301268 | K108: 0.99986646 | L108: 0 | M108: 396300 | N108: 0.9998784 | O108: 149800 | P108: 1
B109: Second 20% | C109: 23200 | D109: to | E109: 44400 | F109: 34200 | G109: -816500 | H109: -2260 | I109: -0.065643763 | J109: 0.18109587 | K109: 1 | L109: 0 | M109: 406600 | N109: 1 | O109: 160600 | P109: 1
B110: Middle 20% | C110: 44400 | D110: to | E110: 76700 | F110: 59000 | G110: -915300 | H110: -2530 | I110: -0.042339548 | J110: 0.20300624 | K110: 1 | L110: 0 | M110: 485000 | N110: 1 | O110: 146100 | P110: 1
B111: Fourth 20% | C111: 76700 | D111: to | E111: 136400 | F111: 99600 | G111: -1046400 | H111: -2900 | I111: -0.028471583 | J111: 0.23209173 | K111: 0.95166333 | L111: 0 | M111: 558100 | N111: 0.96967639 | O111: 183600 | P111: 1
B112: Next 15% | C112: 136400 | D112: to | E112: 336800 | F112: 193700 | G112: -846800 | H112: -3120 | I112: -0.015727598 | J112: 0.18781516 | K112: 0.79979025 | L112: 0 | M112: 446200 | N112: 0.86054364 | O112: 215100 | P112: 0.9691645
B113: Next 4% | C113: 336800 | D113: to | E113: 903500 | F113: 479900 | G113: -34400 | H113: -480 | I113: -0.0009615123 | J113: 0.0076195241 | K113: 0.15397268 | L113: 0 | M113: 22500 | N113: 0.16159355 | O113: 10000 | P113: 0.14425681
B114: Richest 1% | C114: 903500 | D114: or more | F114: 3021400 | G114: -100 | H114: 0 | I114: -1.4803283e-06 | J114: 1.9412199e-05 | K114: 0.0019769202 | L114: 0 | M114: 100 | N114: 0.0020674425 | O114: 0 | P114: 0.00049885679
B115: ALL | F115: 117200 | G115: -4508800 | H115: -2440 | I115: -0.020139546 | J115: 1 | K115: 0.91806917 | L115: 0 | M115: 2353900 | N115: 0.90717585 | O115: 875300 | P115: 0.90880211
B119: Impacts of Payment in CASH Act ($1,400 per spouse and $1,400 per dependent plus $2,000 for older dependents) in 2020 in Delaware
B120: Income | C120: Income Range | F120: Average | G120: Tax Change | H120: Average | I120: Tax Change as | J120: Share of | K120: Share with | L120: Share with | M120: Adults Helped | O120: Children Helped
B121: Group | F121: Income | G121: 1000's | H121: Tax Change | I121: % of Income | J121: Tax Change | K121: Tax Cuts | L121: Tax Hikes | M121: Number | N121: % of Total | O121: Number | P121: % of Total
B122: Poorest 20% | C122: Less than | E122: 21800 | F122: 11300 | G122: -213000 | H122: -2180 | I122: -0.18169441 | J122: 0.16454745 | K122: 1 | L122: 0 | M122: 103300 | N122: 1 | O122: 45300 | P122: 1
B123: Second 20% | C123: 21800 | D123: to | E123: 38400 | F123: 29500 | G123: -211800 | H123: -2170 | I123: -0.071102052 | J123: 0.16363418 | K123: 1 | L123: 0 | M123: 112900 | N123: 1 | O123: 35500 | P123: 1
B124: Middle 20% | C124: 38400 | D124: to | E124: 70300 | F124: 53400 | G124: -280700 | H124: -2900 | I124: -0.052927425 | J124: 0.21689727 | K124: 1 | L124: 0 | M124: 139700 | N124: 1 | O124: 50800 | P124: 1
B125: Fourth 20% | C125: 70300 | D125: to | E125: 110300 | F125: 87200 | G125: -290100 | H125: -2940 | I125: -0.033123066 | J125: 0.22418425 | K125: 1 | L125: 0 | M125: 160600 | N125: 1 | O125: 48200 | P125: 1
B126: Next 15% | C126: 110300 | D126: to | E126: 235700 | F126: 151800 | G126: -257700 | H126: -3580 | I126: -0.022673887 | J126: 0.19913314 | K126: 0.89534785 | L126: 0 | M126: 129000 | N126: 0.94487354 | O126: 53500 | P126: 0.99503666
...
